 Dungeon Crawl Stone Soup version 0.29-a0-284-gf9362112df (webtiles) character file.

Game seed: 11485442331668640498

700 rabbitsville the Poker (level 7, -10/60 HPs)
             Began as a Gnoll Wanderer on Mar 16, 2022.
             Was an Initiate of Kikubaaqudgha.
             Engulfed by a cloud of flame (21 damage)
             ... on level 5 of the Dungeon.
             The game lasted 00:12:45 (4174 turns).

rabbitsville the Poker (Gnoll Wanderer)             Turns: 4174, Time: 00:12:45

Health: -10/60     AC:  4    Str: 15    XL:     7   Next: 65%
Magic:  19/19      EV: 13    Int: 11    God:    Kikubaaqudgha [......]
Gold:   214        SH:  0    Dex: 10    Spells: 9/11 levels left

rFire   . . .      SeeInvis .   a - +3 spear
rCold   . . .      Faith    .   (no shield)
rNeg    . . .      Spirit   .   d - +0 leather armour
rPois   .          Reflect  .   b - +0 helmet
rElec   .          Harm     .   (no cloak)
rCorr   .          Rampage  .   (no gloves)
Will    .....                   (no boots)
Stlth   ++........              t - amulet of regeneration
HPRegen 1.00/turn               g - ring of wizardry
MPRegen 0.16/turn               l - ring of magical power

@: no status effects
A: fangs 1, strong nose, distributed training
a: Renounce Religion


You were on level 5 of the Dungeon.
You worshipped Kikubaaqudgha.
Kikubaaqudgha was noncommittal.
You visited 1 branch of the dungeon, and saw 5 of its levels.

You collected 214 gold pieces.

Inventory:

Hand Weapons
 a - a +3 spear (weapon)
Missiles
 q - 3 silver boomerangs
Armour
 b - a +0 helmet (worn)
 d - a +0 leather armour (worn)
Jewellery
 g - a ring of wizardry (left hand)
 l - a ring of magical power (right hand)
 t - an amulet of regeneration (around neck)
Wands
 s - a wand of iceblast (5)
 v - a wand of paralysis (12)
Scrolls
 c - a scroll of silence
 i - a scroll of summoning {unknown}
 j - a scroll of magic mapping {unknown}
 m - a scroll of enchant weapon {unknown}
 n - a scroll of enchant armour {unknown}
 o - 3 scrolls of identify {unknown}
 u - a scroll of fog {unknown}
 w - a scroll of teleportation {unknown}
Potions
 e - a potion of brilliance {unknown}
 f - 2 potions of attraction {unknown}
 h - 2 potions of cancellation {unknown}
 k - a potion of ambrosia {unknown}
 p - 2 potions of curing
 r - a potion of heal wounds {unknown}


   Skills:
 + Level 7.1 Fighting
 + Level 2.6 Short Blades
 + Level 2.6 Long Blades
 + Level 2.6 Axes
 + Level 2.6 Maces & Flails
 + Level 7.1 Polearms
 + Level 2.6 Staves
 + Level 2.6 Slings
 + Level 2.6 Bows
 + Level 2.6 Crossbows
 + Level 2.6 Throwing
 + Level 3.7 Armour
 + Level 5.3 Dodging
 + Level 3.5 Stealth
 + Level 2.6 Shields
 + Level 2.6 Unarmed Combat
 + Level 2.6 Spellcasting
 + Level 2.1 Conjurations
 + Level 2.1 Hexes
 + Level 2.1 Summonings
 + Level 2.1 Necromancy
 + Level 2.1 Translocations
 + Level 2.1 Transmutations
 + Level 2.1 Fire Magic
 + Level 2.1 Ice Magic
 + Level 2.1 Air Magic
 + Level 2.1 Earth Magic
 + Level 2.1 Poison Magic
 + Level 2.9 Invocations
 + Level 2.6 Evocations


You had 9 spell levels left.
You knew the following spells:

 Your Spells              Type           Power      Damage    Failure   Level
a - Animate Skeleton      Necr           12%        N/A       6%          1
b - Pain                  Necr           24%        1d5       6%          1

Your spell library contained the following spells:

 Spells                   Type           Power      Damage    Failure   Level
 Shock                    Conj/Air       24%        1d4       6%          1
 Summon Small Mammal      Summ           24%        N/A       6%          1
 Blink                    Tloc           12%        N/A       9%          2
 Call Canine Familiar     Summ           6%         N/A       16%         3
 Summon Guardian Golem    Hex/Summ       6%         N/A       16%         3
 Swiftness                Air            6%         N/A       16%         3
 Vampiric Draining        Necr           6%         2d6       16%         3
 Airstrike                Air            3%         N/A       45%         4
 Manifold Assault         Tloc           6%         N/A       80%         5
 Storm Form               Tmut/Air       3%         N/A       100%        7


Dungeon Overview and Level Annotations

Branches:
Dungeon (5/15)
 Temple: D:4-7

Altars:
Elyvilon
Kikubaaqudgha
Okawaru
Yredelemnul

Annotations:
D:3 1 transporter, horus123's ghost, amateur DECj


Innate Abilities, Weirdness & Mutations

You have very sharp teeth.
Your uncanny sense of smell can sniff out nearby items.
Your experience applies equally to all skills.


Message History

There is an open door here.
You open the door.
There is an open door here.
You open the door.
An iguana comes into view.
There is an open door here.
You reach to attack!
The helpless iguana fails to defend itself.
You hit the iguana.
The iguana is moderately wounded.
You hit the iguana but do no damage. You punch the iguana, but do no damage.
The iguana is moderately wounded.
The iguana bites you.
You hit the iguana but do no damage.
The iguana is moderately wounded.
You barely miss the iguana. You punch the iguana, but do no damage.
The iguana is moderately wounded.
The iguana bites you!
You hit the iguana.
The iguana is heavily wounded.
The iguana bites you.
You puncture the iguana!
The iguana is almost dead.
The iguana barely misses you.
You hit the iguana.
You kill the iguana!
Kikubaaqudgha accepts your kill.
Found a club.
o - 3 scrolls labelled OVYOLEFROM (gained 1)
Found 13 gold pieces.
Press: ? - help, v - describe, . - travel The floor.
There is a cloud of flame here.
You are engulfed in blazing flames.
You are engulfed in blazing flames.
You are engulfed in blazing flames.
* * * LOW HITPOINT WARNING * * *
It was a potion of curing.
You feel better.
You are engulfed in blazing flames.
You die...
Kikubaaqudgha rasps: "You have failed me!
Welcome... death!"

.......## ........##
.... .........### ....
............ ...
.......# # #.. .......#
#§ #.# .......# ##§##
#○# .......#########○##
.......°○§#8#§§§@○#
.......#########○○##
...##.°# ##§# #○○.###
...##..# #§# #.....##
..)###.####.####......##
...# #.................#
...#####...##...........
.........####...........
.........###.######.....


There were no monsters in sight!

Vanquished Creatures
  Grinder (D:3)
  An ogre (D:4)
  A scorpion (D:5)
  A hound (D:5)
  3 iguanas
  Natasha (thrice) (D:2)
  2 orc wizards (D:4)
  Robin (D:3)
  3 adders
  2 worms (D:2)
  A dart slug (D:1)
  4 orcs
  3 ball pythons (D:3)
  9 bats
  7 endoplasms
  2 giant cockroaches
  10 hobgoblins
  2 jackals (D:4)
  13 kobolds
  3 quokkas
  15 goblins
  7 rats
94 creatures vanquished.

Notes
Turn   | Place    | Note
-------+----------+-------------------------------------------
     0 | D:1      | rabbitsville the Gnoll Wanderer began the quest for the
                  | Orb.
     0 | D:1      | rabbitsville set off with the following items: a +3 spear,
                  | a +0 helmet, a scroll of silence, a +0 leather armour
     0 | D:1      | Reached XP level 1. HP: 23/23 MP: 1/1
   136 | D:1      | Reached XP level 2. HP: 29/29 MP: 2/2
   899 | D:2      | Reached XP level 3. HP: 35/35 MP: 3/3
   991 | D:2      | Noticed Natasha
  1004 | D:2      | Reached skill level 1 in Invocations
  1097 | D:2      | Killed Natasha
  1098 | D:2      | Reached skill level 1 in Short Blades
  1098 | D:2      | Reached skill level 1 in Long Blades
  1098 | D:2      | Reached skill level 1 in Axes
  1098 | D:2      | Reached skill level 1 in Maces & Flails
  1098 | D:2      | Reached skill level 1 in Staves
  1098 | D:2      | Reached skill level 1 in Slings
  1098 | D:2      | Reached skill level 1 in Bows
  1098 | D:2      | Reached skill level 1 in Crossbows
  1098 | D:2      | Reached skill level 1 in Throwing
  1098 | D:2      | Reached skill level 1 in Shields
  1098 | D:2      | Reached skill level 1 in Unarmed Combat
  1098 | D:2      | Reached skill level 1 in Spellcasting
  1098 | D:2      | Reached skill level 1 in Evocations
  1098 | D:2      | Reached XP level 4. HP: 39/41 MP: 5/5
  1150 | D:2      | Noticed Natasha
  1160 | D:2      | Killed Natasha
  1161 | D:2      | Reached skill level 1 in Conjurations
  1161 | D:2      | Reached skill level 1 in Hexes
  1161 | D:2      | Reached skill level 1 in Summonings
  1161 | D:2      | Reached skill level 1 in Necromancy
  1161 | D:2      | Reached skill level 1 in Translocations
  1161 | D:2      | Reached skill level 1 in Transmutations
  1161 | D:2      | Reached skill level 1 in Fire Magic
  1161 | D:2      | Reached skill level 1 in Ice Magic
  1161 | D:2      | Reached skill level 1 in Air Magic
  1161 | D:2      | Reached skill level 1 in Earth Magic
  1161 | D:2      | Reached skill level 1 in Poison Magic
  1570 | D:2      | Noticed Natasha
  1583 | D:2      | Killed Natasha
  1584 | D:2      | Reached XP level 5. HP: 38/47 MP: 5/7
  2003 | D:3      | Noticed Grinder
  2007 | D:3      | Paralysed by Grinder for 3 turns
  2015 | D:3      | Paralysed by Grinder for 4 turns
  2033 | D:3      | Killed Grinder
  2034 | D:3      | Reached skill level 5 in Dodging
  2034 | D:3      | Reached XP level 6. HP: 23/53 MP: 9/9
  2306 | D:3      | Noticed Robin
  2315 | D:3      | Killed Robin
  2511 | D:3      | Found a basalt altar of Yredelemnul.
  2691 | D:3      | Found a transporter.
  2691 | D:3      | Noticed horus123's ghost (amateur DECj)
  2817 | D:3      | Found a white marble altar of Elyvilon.
  3293 | D:4      | Found an ancient bone altar of Kikubaaqudgha.
  3319 | D:4      | Became a worshipper of Kikubaaqudgha
  3322 | D:4      | Learned a level 1 spell: Animate Skeleton
  3324 | D:4      | Learned a level 1 spell: Pain
  3359 | D:4      | Reached XP level 7. HP: 30/59 MP: 10/10
  3913 | D:5      | Entered Level 5 of the Dungeon
  4057 | D:5      | Found an iron altar of Okawaru.
  4172 | D:5      | HP: 3/60 [something (26)]
  4174 | D:5      | Engulfed by a cloud of flame

Illustrated notes

Levels and vault maps discovered:
D:1:      sevenhm_arrival_forest_fort_small_5, layout_basic
D:2:      layout_loops_ring, serial_rivers, chequers_serial_rivers_room_a,
          chequers_serial_rivers_room_b, chequers_serial_rivers_micro_d,
          chequers_serial_rivers_large_b, uniq_natasha
D:3:      layout_basic, kennysheep_ying_yang, gammafunk_ghost_mausoleum,
          minmay_quadrilaterals, uniq_grinder, uniq_robin
D:4:      layout_basic, kiku_gazebo_pond_becter
D:5:      cheibrodos_two_vegetables, layout_cave_pods,
          mainiacjoe_overflow_24_doors, lemuel_flamethrower_2, uniq_sigmund

Skill      XL: |  1  2  3  4  5  6  7 |
---------------+----------------------+-----
Invocations    | 1 2 |  2.9
Short Blades   | 1 2 |  2.6
Long Blades    | 1 2 |  2.6
Axes           | 1 2 |  2.6
Maces & Flails | 1 2 |  2.6
Staves         | 1 2 |  2.6
Slings         | 1 2 |  2.6
Bows           | 1 2 |  2.6
Crossbows      | 1 2 |  2.6
Throwing       | 1 2 |  2.6
Shields        | 1 2 |  2.6
Unarmed Combat | 1 2 |  2.6
Spellcasting   | 1 2 |  2.6
Evocations     | 1 2 |  2.6
Conjurations   | 1 2 |  2.1
Hexes          | 1 2 |  2.1
Summonings     | 1 2 |  2.1
Necromancy     | 1 2 |  2.1
Translocations | 1 2 |  2.1
Transmutations | 1 2 |  2.1
Fire Magic     | 1 2 |  2.1
Ice Magic      | 1 2 |  2.1
Air Magic      | 1 2 |  2.1
Earth Magic    | 1 2 |  2.1
Poison Magic   | 1 2 |  2.1
Armour         | 3 |  3.7
Dodging        | 5 |  5.3
Stealth        | 3 |  3.5
Fighting       | 7 |  7.1
Polearms       | 7 |  7.1

Action                   |  1- 3 |  4- 6 |  7- 9 || total
-------------------------+-------+-------+-------++-------
Melee: Spear             |    80 |   142 |    83 ||   305
       Bite              |     3 |    17 |     8 ||    28
       Punch             |     1 |     2 |     2 ||     5
 Cast: Pain              |       |       |     3 ||     3
  Use: Potion            |       |       |     1 ||     1
 Stab: Sleeping          |     2 |     3 |     1 ||     6
Armor: Leather armour    |    11 |    14 |     9 ||    34
Dodge: Dodged            |    36 |    38 |    32 ||   106

Table legend: (Time is in decaauts)
 A = Elapsed time spent in this place.
 B = Non-inter-level travel time spent in this place.
 C = Inter-level travel time spent in this place.
 D = Time resting spent in this place.
 E = Time spent auto-exploring this place.
 F = Levels seen in this place.
 G = Mean time per level.
                   A        B        C        D        E       F      G
               +--------+--------+--------+--------+--------+-----+--------+
         Total |   4136 |   4027 |    109 |    329 |   2605 |   5 |  827.2 |
       Dungeon |   4136 |   4027 |    109 |    329 |   2605 |   5 |  827.2 |
               +--------+--------+--------+--------+--------+-----+--------+

Top non-repeatable levels by time:
     D:2: 1131 daAuts
     D:3: 1126 daAuts
     D:1: 839 daAuts
     D:4: 784 daAuts
     D:5: 253 daAuts
